 Dungeon Crawl Stone Soup version 0.25-a0-857-g60a0bcd8b5 (webtiles) character file.

Game seed: 13552608239853427205, levelgen mode: deterministic

37598 Esekla the Thaumaturge (level 13, 0/84 HPs)
             Began as an Octopode Warper on Apr 26, 2020.
             Was a High Priest of Vehumet.
             Slain by a catoblepas (32 damage)
             ... on level 5 of the Lair of Beasts.
             The game lasted 03:44:20 (22554 turns).

Esekla the Thaumaturge (Octopode Warper)           Turns: 22554, Time: 03:44:21

Health: 0/84       AC:  3    Str: 13    XL:     13   Next: 97%
Magic:  25/25      EV: 21    Int: 20    God:    Vehumet [*****.]
Gold:   793        SH:  6    Dex: 17    Spells: 3/28 levels left

rFire    + . .     SeeInvis +   q - +6 quick blade
rCold    . . .     Gourm    .   S - +0 buckler
rNeg     + . .     Faith    +   i - +2 hat
rPois    +         Spirit   .   N - amulet "Ilongein" {Faith rF+ Dex+2 Stlth+}
rElec    .         Reflect  .   l - ring of positive energy
rCorr    .         Harm     .   w - ring of Cijer {+Fly rPois EV+3 Str+2 Slay+2}
MR       .....                  K - ring of see invisible
Stlth    +++++.....             R - ring "Rypsor" {rPois Dex+4}
HPRegen  0.24/turn              U - +5 ring of slaying
MPRegen  0.19/turn              (no ring)
                                (no ring)
                                (no ring)

@: very slightly contaminated
A: almost no armour, stealthy swim, amphibious, 8 rings, constrict 8, camouflage
1, gelatinous body 1
a: Renounce Religion, Evoke Flight


You were on level 5 of the Lair of Beasts.
You worshipped Vehumet.
Vehumet was extremely pleased with you.
You were not hungry.

You visited 2 branches of the dungeon, and saw 18 of its levels.
You also visited: Sewer and Ice Cave.

You collected 1010 gold pieces.
You spent 217 gold pieces at shops.

Inventory:

Hand Weapons
 e - a +0 dagger of electrocution
 f - a +2 falchion of flaming
 h - a +2 rapier of holy wrath
 p - a +1 short sword of protection
 q - a +6 quick blade (weapon)
 s - a +2 vorpal spear
 v - a +1 short sword of venom
 z - a +2 long sword of freezing
 A - a +5 spear
 C - a cursed +5 falchion
 V - a +1 vampiric long sword
 Z - a +4 demon trident
Missiles
 b - 19 poisoned darts
 d - 5 boomerangs of dispersal
 j - 18 javelins
 I - 14 boomerangs (quivered)
Armour
 i - a +2 hat (worn)
 S - a +0 buckler (worn)
Jewellery
 l - a ring of positive energy (left tentacle)
 w - the ring of Cijer (right tentacle) {+Fly rPois EV+3 Str+2 Slay+2}
   (You acquired it on level 5 of the Dungeon)

   [ring of evasion]

   It affects your evasion (+3).
   It affects your strength (+2).
   It affects your accuracy and damage with ranged weapons and melee attacks
   (+2).
   It protects you from poison.
   It lets you fly.
 y - an uncursed amulet of guardian spirit
 K - a ring of see invisible (on tentacle)
 L - a +3 amulet of reflection
 N - the amulet "Ilongein" (around mantle) {Faith rF+ Dex+2 Stlth+}
   (You found it on level 7 of the Dungeon)

   [amulet of faith]

   It allows you to gain divine favour quickly.
   It affects your dexterity (+2).
   It protects you from fire.
   It makes you more stealthy.
 Q - the amulet of Democracy {+Rage rPois SInv, unknown}
   (You found it on level 4 of the Lair of Beasts)

   [amulet of rage]

   It protects you from poison.
   It lets you see invisible.
   It lets you go berserk.
 R - the ring "Rypsor" (on tentacle) {rPois Dex+4}
   (You found it on level 8 of the Dungeon)

   [ring of poison resistance]

   It affects your dexterity (+4).
   It protects you from poison.
 U - a +5 ring of slaying (on tentacle)
Wands
 B - a wand of flame (56)
 D - a wand of paralysis (5)
 G - a wand of disintegration (9)
 H - a wand of polymorph (5)
 J - a wand of random effects (5)
Scrolls
 a - 11 scrolls of remove curse
 c - a scroll of blinking
 k - 3 scrolls of amnesia
 m - 2 scrolls of identify
 n - 3 scrolls of enchant armour
 r - 4 scrolls of fear
 t - 7 scrolls of teleportation
 x - 3 scrolls of fog
Potions
 g - 3 potions of flight
 o - a potion of curing
 u - 2 potions of brilliance
 F - a potion of mutation
 M - 2 potions of lignification
 P - 3 potions of cancellation
 W - a potion of stabbing
Miscellaneous
 E - 2 tins of tremorstones
 O - a lightning rod (3/4)
Comestibles
 T - 30 rations


   Skills:
 + Level 6.5 Fighting
 + Level 8.0(9.4) Short Blades
 * Level 7.7(9.3) Long Blades
 + Level 2.9 Throwing
 + Level 7.2 Dodging
 + Level 6.1 Stealth
 + Level 5.1 Shields
 * Level 8.1 Spellcasting
 * Level 6.8 Conjurations
 + Level 3.2 Hexes
 + Level 5.2 Charms
 + Level 5.0 Translocations
 * Level 5.2 Transmutations
 * Level 2.9 Ice Magic
 * Level 6.9 Air Magic
 * Level 7.5 Evocations


You had 3 spell levels left.
You knew the following spells:

 Your Spells              Type           Power        Failure   Level  Hunger
a - Irradiate             Conj/Tmut      ####......   5%          5    #####..
b - Blink                 Tloc           N/A          1%          2    None
c - Freezing Cloud        Conj/Ice/Air   ####......   32%         6    ######.
e - Shock                 Conj/Air       ####         1%          1    None
f - Dazzling Flash        Conj/Hex       ####..       1%          3    None
g - Shroud of Golubria    Chrm/Tloc      ####..       1%          2    None
r - Airstrike             Air            #####.....   1%          4    ###....
s - Song of Slaying       Chrm           ####....     1%          2    None

Your spell library contained the following spells:

 Spells                   Type           Power        Failure   Level  Hunger
 Spellforged Servitor     Conj/Summ      ###.......   98%         7    #######
 Swiftness                Chrm/Air       ####....     1%          2    None
 Static Discharge         Conj/Air       #####...     1%          3    None
 Ensorcelled Hibernation  Hex/Ice        ###...       3%          2    None
 Gell's Gravitas          Tloc           ####......   3%          3    None
 Inner Flame              Hex/Fire       ##......     3%          3    None
 Lesser Beckoning         Tloc           ####......   3%          3    None
 Teleport Other           Tloc           ####....     3%          3    None
 Passwall                 Tmut/Erth      ###.....     4%          2    None
 Spider Form              Tmut/Pois      ###.......   9%          3    None
 Lightning Bolt           Conj/Air       #####.....   4%          5    #####..
 Iskenderun's Battlesphe  Conj/Chrm      ####....     5%          5    #####..
 Passage of Golubria      Tloc           N/A          11%         4    ###....
 Conjure Ball Lightning   Conj/Air       #####.....   21%         6    ######.
 Iron Shot                Conj/Erth      ###.......   58%         6    ######.
 Alistair's Intoxication  Tmut/Pois      ###.....     63%         5    #####..
 Ozocubu's Refrigeration  Ice            ###.......   65%         6    ######.
 Ignition                 Fire           #.........   100%        8    #######
 Shatter                  Erth           #.........   100%        9    #######
 Tornado                  Air            #####.....   100%        9    #######


Dungeon Overview and Level Annotations

Branches:
Dungeon (13/15)            Temple (0/1) D:7            Lair (5/6) D:8
 Shoals (0/4) Lair:2          Orc (0/2) D:10          Sewer (visited)
  IceCv (visited)
  Snake: Lair:2-4    Spider: Lair:2-4     Slime: Lair:5-6    Vaults: D:13-14

Altars:
Ashenzari
Cheibriados
Gozag
Hepliaklqana
Makhleb
Ru
Sif Muna
Trog
Uskayaw
Vehumet
Wu Jian
Xom
Yredelemnul
Zin
The Shining One

Shops:
D:4 *   D:10 %

Annotations:
D:7 exclusion: oklob sapling
D:10 3 runed translucent doors, exclusion: orange crystal statue
Lair:2 exclusion: oklob plant


Innate Abilities, Weirdness & Mutations

You cannot wear most types of armour.
You are very stealthy in the water. (Stealth+)
You are amphibious.
You can wear up to eight rings at the same time.
You can use your tentacles to constrict eight enemies at once.
Your skin changes colour to match your surroundings (Stealth+).
Your rubbery body absorbs attacks. (AC +1, EV +1)


Message History

You hit the catoblepas. You squeeze the catoblepas!
The catoblepas is moderately wounded.
You hit the catoblepas.
The catoblepas is moderately wounded.
You hit the catoblepas.
The catoblepas is heavily wounded.
The catoblepas breathes a plume of calcifying dust at you.
The blast of calcifying dust hits you.
You hit the catoblepas.
The catoblepas is heavily wounded.
You hit the catoblepas. You squeeze the catoblepas!
The catoblepas is severely wounded.
Okay, then.
You hit the catoblepas.
You squeeze the catoblepas, but do no damage.
The catoblepas is severely wounded.
You puncture the catoblepas! You squeeze the catoblepas!
The catoblepas is almost dead.
The catoblepas gores you!!
You die...

#.##................#
.# #......P..F..#...#
.###.(....#...#.....##
.P#..........Y.......#
.##................###
.##.......##....##†#
#.#........##.##§F§##
####.........####Y§P#
†.#...........§§@§§.#
..............§§§§§##
..#P.#..P.....§#####
############.#.# #####


You could see a catoblepas and a blink frog.

Vanquished Creatures
  Harold (D:9)
  4 hydras
  A two-headed ogre (D:12)
  Urug (Lair:3)
  Nergalle (Lair:3)
  The ghost of DogServant the Nimble, a novice OpBe of Trog (D:7)
  An unseen horror (D:11)
  Pikel (D:5)
  5 ugly things
  Joseph (D:10)
  A cyclops (D:10)
  3 merfolk sirens (Lair:2)
  Maurice (D:9)
  A torpor snail (Lair:2)
  A gargoyle (D:10)
  2 centaur skeletons
  4 rime drakes (Lair:4)
  6 spiny frogs
  2 komodo dragons
  A harpy zombie (D:10)
  4 trolls
  16 blink frogs
  A merfolk (Lair:2)
  Grinder (D:3)
  9 hippogriffs
  A meliai zombie (D:12)
  Sigmund (D:2)
  6 wyverns
  A shadow (D:10)
  A spriggan (D:7)
  A wraith (D:10)
  3 basilisks
  7 hungry ghosts
  34 yaks
  A steam dragon (D:11)
  A naga (Lair:4)
  6 water moccasins
  2 porcupines (Lair:4)
  3 black bears
  3 orc warriors
  8 ice beasts
  4 slaves (D:4)
  5 sky beasts
  2 phantoms
  4 wolves (Lair:2)
  A necrophage (D:5)
  4 crocodiles
  10 ogres
  5 centaurs
  5 bullfrogs
  3 big kobolds
  A scorpion (Lair:1)
  A troll zombie (D:10)
  4 killer bees (D:10)
  13 wights
  4 howler monkeys
  5 crimson imps
  2 quasits (D:7)
  6 hounds
  8 orc wizards
  9 orc priests
  2 bullfrog skeletons
  Natasha (thrice) (D:4)
  8 worker ants
  A killer bee zombie (D:7)
  7 ogre zombies (D:10)
  A hound zombie (D:9)
  A hound skeleton (D:4)
  A worker ant zombie (D:9)
  14 adders
  4 gnolls (D:4)
  A howler monkey skeleton (D:10)
  10 river rats (Sewer)
  3 shadow imps
  12 white imps (D:11)
  2 oozes (D:4)
  2 adder zombies
  An adder skeleton (D:5)
  2 worms
  A dart slug (D:3)
  4 leopard geckos
  42 orcs
  6 ball pythons
  9 giant cockroaches
  4 hobgoblins
  12 jackals
  6 quokkas
  5 bats
  8 frilled lizards
  7 goblins
  A goblin zombie (D:10)
  2 hobgoblin skeletons (D:10)
  2 hobgoblin zombies (D:10)
  19 kobolds
  2 orc skeletons (D:10)
  18 orc zombies (D:10)
  16 rats
484 creatures vanquished.

Vanquished Creatures (others)
  An ogre mage (D:10)
  A deep elf mage (D:10)
  A bullfrog skeleton (D:5)
  An iguana (D:5)
  A giant cockroach (D:5)
  A ball python zombie (D:5)
  5 fungi
  20 plants
31 creatures vanquished.

Grand Total: 515 creatures vanquished

Notes
Turn   | Place    | Note
-------+----------+-------------------------------------------
     0 | D:1      | Esekla the Octopode Warper began the quest for the Orb.
     0 | D:1      | Reached XP level 1. HP: 14/14 MP: 3/3
   573 | D:2      | Reached XP level 2. HP: 19/19 MP: 5/5
   748 | D:2      | Noticed Sigmund
   976 | D:2      | Found a shimmering altar of Xom.
  1009 | D:2      | Learned a level 2 spell: Shroud of Golubria
  1012 | D:2      | Learned a level 2 spell: Blink
  1023 | D:2      | Reached XP level 3. HP: 20/24 MP: 4/6
  1236 | D:4      | Reached XP level 4. HP: 15/29 MP: 3/8
  1472 | D:5      | Entered Level 5 of the Dungeon
  1521 | D:5      | Reached skill level 1 in Short Blades
  1522 | D:5      | Noticed a necrophage
  1536 | D:5      | Killed a necrophage
  1536 | D:5      | Reached skill level 1 in Charms
  1536 | D:5      | Reached XP level 5. HP: 13/33 MP: 0/9
  1578 | D:5      | Noticed an ice beast
  1578 | D:5      | Noticed an ogre
  1599 | D:5      | Found a glowing drain.
  1607 | Sewer    | Entered a sewer
  1978 | Sewer    | Reached XP level 6. HP: 29/39 MP: 7/10
  2534 | Sewer    | Reached XP level 7. HP: 34/43 MP: 10/12
  3022 | D:5      | Found a radiant altar of Vehumet.
  3267 | D:5      | Became a worshipper of Vehumet
  3286 | D:6      | HP: 1/44 [orc (3)]
  3291 | D:6      | HP: 1/46 [worker ant (7)]
  3637 | D:6      | Found a snail-covered altar of Cheibriados.
  4094 | D:3      | Noticed Grinder
  4096 | D:3      | Paralysed by Grinder for 4 turns
  4116 | D:3      | Killed Grinder
  4550 | D:2      | Found a glowing silver altar of Zin.
  5035 | D:1      | Reached * piety under Vehumet
  5035 | D:1      | Offered knowledge of Shock by Vehumet.
  5062 | D:1      | Learned a level 1 spell: Shock
  5160 | D:2      | Killed Sigmund
  5160 | D:2      | Reached XP level 8. HP: 45/54 MP: 11/14
  5213 | D:3      | Found a sacrificial altar of Ru.
  5699 | D:4      | Found a shattered altar of Ashenzari.
  5699 | D:4      | Found an ornate altar of the Wu Jian Council.
  5699 | D:4      | Found a glowing golden altar of the Shining One.
  5699 | D:4      | Noticed Natasha
  5702 | D:4      | Found a shimmering blue altar of Sif Muna.
  5714 | D:4      | Killed Natasha
  5753 | D:4      | Reached skill level 1 in Air Magic
  5798 | D:4      | Found Ziheden's Assorted Antiques.
  5855 | D:4      | Reached skill level 1 in Conjurations
  5884 | D:5      | Noticed Pikel
  5945 | D:4      | Noticed Natasha
  5968 | D:4      | Killed Natasha
  5983 | D:4      | Noticed Natasha
  5990 | D:4      | Killed Natasha
  6131 | D:4      | Bought an orange potion for 19 gold pieces
  6131 | D:4      | Bought a scroll labeled DUFYAWK HOMO for 22 gold pieces
  6205 | D:4      | Reached ** piety under Vehumet
  6205 | D:4      | Offered knowledge of Sandblast by Vehumet.
  6520 | D:4      | Reached skill level 5 in Short Blades
  7124 | D:5      | Reached XP level 9. HP: 55/58 MP: 16/16
  7155 | D:5      | Found a burning altar of Makhleb.
  7228 | D:5      | Identified a scroll of acquirement
  7319 | D:5      | Found a hazy altar of Hepliaklqana.
  7321 | D:5      | Identified the ring of Cijer {+Fly rPois EV+3 Str+2 Slay+2}
                  | (You acquired it on level 5 of the Dungeon)
  7467 | D:4      | Bought a jewelled gold wand for 88 gold pieces
  7467 | D:4      | Bought an iron wand for 88 gold pieces
  7626 | D:5      | Killed Pikel
  7626 | D:5      | Reached skill level 5 in Dodging
  7626 | D:5      | Reached skill level 1 in Evocations
  8093 | D:7      | Reached skill level 5 in Spellcasting
  8282 | D:8      | Reached skill level 1 in Stealth
  8494 | D:7      | Found a staircase to the Ecumenical Temple.
  8549 | D:8      | Found a staircase to the Lair.
  8551 | D:8      | Noticed a komodo dragon
  8580 | D:7      | Found a basalt altar of Yredelemnul.
  8602 | D:7      | Offered knowledge of Static Discharge by Vehumet.
  8640 | D:7      | Got a slimy ruby amulet
  8659 | D:7      | Identified the amulet "Ilongein" {Faith rF+ Dex+2 Stlth+}
                  | (You found it on level 7 of the Dungeon)
  8666 | D:7      | Learned a level 3 spell: Static Discharge
  8784 | D:7      | Found a transporter.
  8785 | D:7      | Noticed DogServant's ghost (novice OpBe)
  8813 | D:7      | Reached *** piety under Vehumet
  9007 | D:6      | Found a hide-covered altar of Uskayaw.
  9008 | D:6      | Noticed a +0 dagger
  9009 | D:6      | Noticed a +0 hand axe
  9100 | D:6      | Found an opulent altar of Gozag.
  9130 | D:6      | Reached XP level 10. HP: 65/65 MP: 18/18
  9308 | D:7      | Found a bloodstained altar of Trog.
  9425 | D:8      | Got a translucent tin ring
  9434 | D:8      | Identified the ring "Rypsor" {rPois Dex+4} (You found it on
                  | level 8 of the Dungeon)
  9778 | D:7      | Offered knowledge of Dazzling Flash by Vehumet.
  9893 | D:7      | Found a transporter.
 10624 | D:9      | Reached skill level 5 in Charms
 10845 | D:9      | Learned a level 3 spell: Dazzling Flash
 10859 | D:9      | Noticed Maurice
 10890 | D:9      | Reached **** piety under Vehumet
 11040 | D:9      | Killed Maurice
 11045 | D:9      | Reached skill level 1 in Shields
 11047 | D:9      | Offered knowledge of Airstrike by Vehumet.
 11200 | D:9      | Noticed Harold
 11211 | D:9      | Learned a level 4 spell: Airstrike
 11235 | D:10     | Entered Level 10 of the Dungeon
 11242 | D:10     | Found the +10 tower shield of Ignorance {rN+ Int-4}
 11245 | D:10     | Found a runed translucent door.
 11267 | D:10     | Noticed a gargoyle
 11357 | D:10     | Found a staircase to the Orcish Mines.
 11390 | D:10     | Reached skill level 5 in Long Blades
 11717 | D:10     | Identified the Papyrus of Arcane Weapons
 11752 | D:10     | Reached ***** piety under Vehumet
 11797 | D:10     | Offered knowledge of Irradiate by Vehumet.
 11809 | D:10     | Learned a level 5 spell: Irradiate
 11850 | D:10     | Found Duazif's Food Emporium.
 11884 | D:11     | Found a frozen archway.
 12159 | IceCv    | Entered an ice cave
 12159 | IceCv    | Noticed a white ugly thing
 12184 | IceCv    | Killed a white ugly thing
 12184 | IceCv    | Reached skill level 5 in Fighting
 12184 | IceCv    | Reached skill level 1 in Hexes
 12184 | IceCv    | Reached XP level 11. HP: 41/71 MP: 20/20
 12201 | IceCv    | Found a transporter.
 12216 | IceCv    | Noticed a white ugly thing
 12217 | IceCv    | Found a transporter.
 12231 | IceCv    | Killed a white ugly thing
 12231 | IceCv    | Reached skill level 1 in Transmutations
 12621 | D:11     | Noticed an unseen horror
 12633 | D:11     | Killed an unseen horror
 12996 | D:11     | Noticed a white ugly thing
 13032 | D:11     | Killed a white ugly thing
 13090 | D:11     | Noticed a five-headed hydra
 13147 | D:10     | Offered knowledge of Orb of Destruction by Vehumet.
 13192 | D:10     | Found a runed translucent door.
 13193 | D:10     | Noticed a seven-headed hydra
 13194 | D:10     | Noticed a brown ugly thing
 13338 | D:10     | Found a runed translucent door.
 13339 | D:10     | Noticed an orange crystal statue
 14154 | D:10     | Found a runed translucent door.
 14157 | D:10     | Found a runed translucent door.
 14218 | D:10     | Killed a green ugly thing
 14285 | D:10     | Noticed Joseph
 14402 | D:10     | Killed Joseph
 14618 | D:10     | Noticed a deep elf mage
 14623 | D:10     | Noticed an ogre mage
 14624 | D:10     | Noticed a cyclops
 14643 | D:10     | Killed a deep elf mage
 14645 | D:10     | Killed an ogre mage
 14653 | D:10     | Reached XP level 12. HP: 28/78 MP: 22/22
 14676 | D:10     | Reached skill level 5 in Air Magic
 14676 | D:10     | Reached skill level 5 in Evocations
 14700 | D:10     | Identified the Reference Book on Shifting Ice
 15094 | D:10     | Reached skill level 5 in Conjurations
 15459 | D:12     | Noticed a two-headed ogre
 15479 | D:12     | Killed a two-headed ogre
 15557 | D:13     | Noticed a tengu warrior
 15568 | D:13     | Noticed a two-headed ogre
 15723 | D:11     | Killed a one-headed hydra
 16397 | D:9      | Killed Harold
 16745 | D:7      | Killed DogServant's ghost
 16877 | Lair:1   | Entered Level 1 of the Lair of Beasts
 17684 | Lair:2   | Noticed an eight-headed hydra
 17721 | Lair:1   | Reached skill level 5 in Stealth
 17955 | Lair:1   | Identified the +0 hat "Seadghuu" {rElec rN+ Str-2 Dex+3}
                  | (You acquired it on level 1 of the Lair of Beasts)
 17955 | Lair:1   | Identified Horgh's Collected Works on Ignition and Good
                  | Luck (You acquired it on level 1 of the Lair of Beasts)
 17960 | Lair:1   | Learned a level 2 spell: Song of Slaying
 18309 | Lair:2   | Killed a four-headed hydra
 18309 | Lair:2   | Offered knowledge of Freezing Cloud by Vehumet.
 18616 | Lair:1   | Learned a level 6 spell: Freezing Cloud
 18698 | Lair:2   | Found a staircase to the Shoals.
 18742 | Lair:2   | Reached XP level 13. HP: 73/83 MP: 24/24
 19002 | Lair:2   | You fall into a shaft and drop 1 floor!
 19047 | Lair:3   | Reached skill level 5 in Translocations
 19105 | Lair:3   | Noticed Nergalle
 19278 | Lair:3   | Reached skill level 5 in Shields
 19435 | Lair:3   | Reached skill level 1 in Ice Magic
 19658 | Lair:3   | You fall into a shaft and drop 2 floors!
 19742 | Lair:4   | Got a fine sapphire amulet
 19969 | Lair:3   | Killed Nergalle
 20073 | Lair:3   | Noticed Urug
 20853 | Lair:3   | Killed Urug
 21706 | Lair:4   | Reached skill level 5 in Transmutations
 21942 | Lair:4   | Offered knowledge of Spellforged Servitor by Vehumet.
 22554 | Lair:5   | Slain by a catoblepas

Levels and vault maps discovered:
D:1:      minmay_arrival_four_circles, layout_loops_ring
D:2:      layout_loops_ring, xom_butterflies, lemuel_crystal_altar, uniq_sigmund
D:3:      layout_basic, nicolae_ru_path_of_blood, first_ration, uniq_grinder
D:4:      cheibrodos_pilgrimage, layout_basic, grunt_temple_overflow_cloverleaf,
          serial_shops, nicolae_shop_statue_plus, uniq_natasha
D:5:      layout_basic, lemuel_coloured_pillars_altar, fiery_altar_vehumet,
          portal_sewer_entry_f, interstate_on_off, bloody_makhleb, uniq_pikel
D:6:      layout_loops_ring, dancing_weapons_uskayaw, overflow_temple_1_default,
          lemuel_crystal_altar, minmay_misc_feat_columns
D:7:      layout_rooms, yredelemnul_altar_generic, minmay_temple_entry_oklob,
          gammafunk_ghost_stat_death, the_bakery, trog_ov_bears_minmay
D:8:      layout_rooms, david_lair_shrubbed
D:9:      layout_gridville, uniq_maurice, uniq_harold
D:10:     minmay_the_grid_triangle_9x9_rhombus_full
          [minmay_the_grid_triangle_9x9_tough_junction,
          minmay_the_grid_triangle_9x9_zippers_horizontal,
          minmay_the_grid_triangle_9x9_semitri,
          minmay_the_grid_triangle_9x9_minimal,
          minmay_the_grid_triangle_9x9_wacky_v,
          minmay_the_grid_triangle_9x9_sparse_checkered,
          minmay_the_grid_triangle_9x9_subtriangle,
          minmay_the_grid_triangle_9x9_prize_insulated], layout_rooms,
          zombieorc2_lemuel, serial_shops, shop,
          chequers_guarded_unrand_ignorance, uniq_joseph
D:11:     layout_loops_ring, portal_ice_cave_entry_imps, minmay_misc_feat_alley,
          minmay_misc_feat_doors
D:12:     layout_roguey, minivault_23, serial_bayou_crossing
D:13:     layout_rooms, grunt_vaults_entry_tiered, serial_shops, shop,
          minmay_misc_feat_chi, lemuel_flamethrower_3
Lair:1:   layout_roguey, st_stairs_6, lemuel_old_faithful, lemuel_fruit_fields,
          lemuel_fruit_tree
Lair:2:   layout_cellular_growth, elwin_shoals_entry_stream,
          infiniplex_staircase_pool, minmay_lair_oklob_chamber
Lair:3:   layout_cellular_growth, chequers_serial_rivers_room_b, uniq_nergalle,
          uniq_urug
Lair:4:   layout_gridlike, minmay_snake_entry_guardpost_small, special_room
          [special_room_mythical_zoo], st_stairs_7
Lair:5:   layout_regular_city

Skill      XL: |  1  2  3  4  5  6  7  8  9 10 11 12 13 |
---------------+----------------------------------------+-----
Short Blades   | 2 3 4 5 6 7 8 |  8.0
Dodging        | 3 4 5 6 7 |  7.2
Spellcasting   | 3 4 5 6 7 8 |  8.1
Charms         | 1 2 3 4 5 |  5.2
Long Blades    | 3 4 5 6 7 |  7.7
Fighting       | 3 4 5 6 |  6.5
Air Magic      | 1 2 3 4 5 6 |  6.9
Conjurations   | 1 3 4 5 6 |  6.8
Evocations     | 2 3 4 6 7 |  7.5
Stealth        | 1 3 5 6 |  6.1
Translocations | 4 5 |  5.0
Shields        | 2 3 4 5 |  5.1
Hexes          | 1 2 3 |  3.2
Transmutations | 2 3 5 |  5.2
Throwing       | 2 |  2.9
Ice Magic      | 2 |  2.9

Action                   |  1- 3 |  4- 6 |  7- 9 | 10-12 | 13-15 || total
-------------------------+-------+-------+-------+-------+-------++-------
Melee: Falchion          |    20 |       |       |    19 |    10 ||    49
       Constrict         |    12 |    26 |    81 |    96 |    18 ||   233
       Tentacles         |     8 |    17 |    62 |   186 |    94 ||   367
       Rapier            |    23 |   103 |   123 |   163 |       ||   412
       Short sword       |       |       |   269 |   182 |       ||   451
       Dagger            |       |       |    16 |       |       ||    16
       Long sword        |       |       |       |   104 |       ||   104
       Quick blade       |       |       |       |   202 |   327 ||   529
       Unarmed           |       |       |       |     2 |       ||     2
Throw: Dart              |     1 |     1 |    14 |    32 |     7 ||    55
       Boomerang         |       |       |     3 |    20 |    57 ||    80
       Javelin           |       |       |     2 |       |     1 ||     3
 Cast: Shroud of Golubri |     1 |     4 |    17 |    26 |     5 ||    53
       Blink             |       |     1 |    12 |    16 |    11 ||    40
       Airstrike         |       |       |       |    13 |    23 ||    36
       Dazzling Flash    |       |       |       |     2 |     1 ||     3
       Irradiate         |       |       |       |     9 |       ||     9
       Freezing Cloud    |       |       |       |       |     2 ||     2
Evoke: Lightning rod     |       |       |       |     2 |     1 ||     3
  Use: Scroll            |       |     6 |    11 |    16 |     5 ||    38
       Potion            |       |     1 |     9 |    13 |     6 ||    29
 Stab: Sleeping          |     3 |     3 |     4 |    21 |     5 ||    36
       Distracted        |       |       |     1 |     2 |       ||     3
       Invisible         |       |       |       |     6 |       ||     6
  Eat: Chunk             |       |     5 |    13 |    28 |     9 ||    55
       Ration            |       |       |     3 |     4 |     2 ||     9
Armor: Skin              |     3 |     6 |    25 |    31 |     8 ||    73
Dodge: Dodged            |    23 |    82 |   299 |   452 |   113 ||   969
Block: Buckler           |       |       |       |   106 |    32 ||   138
       Rpst.: Falchion   |     1 |       |       |     2 |     6 ||     9
       Long sword        |       |       |       |    20 |       ||    20

Table legend:
 A = Non-vault XP
 B = Vault XP
 C = Vault XP percentage of total XP
 D = Non-vault monster count
 E = Vault monster count
 F = Vault count percentage of total count
                 A         B        C        D         E       F
            +---------+---------+-------+---------+---------+-------
      Total |   34505 |   19207 |  35.8 |     314 |     167 |  34.7
            +---------+---------+-------+---------+---------+-------
        D:1 |      21 |       0 |   0.0 |      13 |       0 |   0.0
        D:2 |      42 |     227 |  84.4 |      16 |       1 |   5.9
        D:3 |     133 |     357 |  72.9 |      16 |       5 |  23.8
        D:4 |     840 |      44 |   5.0 |      33 |       4 |  10.8
        D:5 |     316 |     601 |  65.5 |      19 |       4 |  17.4
        D:6 |     442 |       0 |   0.0 |      10 |       0 |   0.0
        D:7 |    1362 |    1325 |  49.3 |      35 |       6 |  14.6
        D:8 |     766 |     338 |  30.6 |      14 |       1 |   6.7
        D:9 |    1131 |    1496 |  56.9 |      16 |       2 |  11.1
       D:10 |    2072 |    5142 |  71.3 |      22 |      55 |  71.4
       D:11 |    5712 |     124 |   2.1 |      33 |      12 |  26.7
       D:12 |    1437 |       0 |   0.0 |       5 |       0 |   0.0
       D:13 |     121 |       0 |   0.0 |       1 |       0 |   0.0
     Lair:1 |    1703 |       0 |   0.0 |       7 |       0 |   0.0
     Lair:2 |    8958 |    1756 |  16.4 |      39 |       5 |  11.4
     Lair:3 |    7594 |    1635 |  17.7 |      26 |       2 |   7.1
     Lair:4 |     798 |    3797 |  82.6 |       4 |      14 |  77.8
     Lair:5 |    1057 |       0 |   0.0 |       5 |       0 |   0.0
      Sewer |       0 |     408 | 100.0 |       0 |      48 | 100.0
      IceCv |       0 |    1957 | 100.0 |       0 |       8 | 100.0
            +---------+---------+-------+---------+---------+-------
